 Dungeon Crawl Stone Soup version 0.20.0-15-g7f486f2 (webtiles) character file.

220 renl the Cudgeler (level 5, 0/42 HPs)
             Began as a Draconian Skald on June 22, 2017.
             Was an Initiate of Ashenzari.
             Slain by Crazy Yiuf
             ... wielding a +4 quarterstaff of chaos
              (2 damage)
             ... on level 2 of the Dungeon.
             The game lasted 00:09:34 (1435 turns).

renl the Cudgeler (Draconian Skald)                 Turns: 1435, Time: 00:09:34

Health: 0/42       AC:  5    Str: 14    XL:     5   Next: 64%
Magic:  6/9        EV: 12    Int: 14    God:    Ashenzari [......]
Gold:   85         SH:  4    Dex: 10    Spells: 3/9 levels left

rFire    . . .     SeeInvis +   f - -1 whip (curse)
rCold    . . .     Gourm    .   (no shield)
rNeg     . . .     Faith    .   (armour unavailable)
rPois    .         Spirit   .   (helmet restricted)
rElec    .         Reflect  +   (no cloak)
rCorr    .         Harm     .   (no gloves)
MR       .....                  (no boots)
Stlth    +.........             j - +4 amulet of reflection
Regen    0.2/turn               i - ring of see invisible
MPRegen  0.2/turn               (no ring)

@: shrouded, infused, drained
A: unfitting armour, cold-blooded, AC +5
a: Curse Item, Renounce Religion


You were on level 2 of the Dungeon.
You worshipped Ashenzari.
Ashenzari was noncommittal.
You were not hungry.

You visited 1 branch of the dungeon, and saw 2 of its levels.

You collected 85 gold pieces.

Inventory:

Hand Weapons
 a - a +0 mace
 f - a cursed -1 whip (weapon)
Jewellery
 i - a ring of see invisible (left hand)
 j - a +4 amulet of reflection (around neck)
Scrolls
 e - 2 scrolls of identify {unknown}
 k - a scroll of remove curse
Potions
 d - a potion of lignification {unknown}
Books
 b - a book of Battle

   Spells                             Type                      Level
   a - Infusion                       Charms                       1
   b - Shroud of Golubria             Charms/Translocation         2
   c - Song of Slaying                Charms                       2
   d - Spectral Weapon                Hexes/Charms                 3
   e - Regeneration                   Charms/Necromancy            3
Comestibles
 c - 3 bread rations
 h - a royal jelly


   Skills:
 + Level 2.7(2.0) Fighting
 * Level 4.2(3.4) Maces & Flails
 + Level 2.9(2.2) Dodging
 + Level 0.4(0.0) Stealth
 + Level 2.6(2.0) Spellcasting
 + Level 3.3(2.7) Charms


You had 3 spell levels left.
You knew the following spells:

 Your Spells              Type           Power        Failure   Level  Hunger
a - Infusion              Chrm           #...         8%          1    ##.....
b - Shroud of Golubria    Chrm/Tloc      #.........   21%         2    ###....
c - Regeneration          Chrm/Necr      #.........   38%         3    ####...


Dungeon Overview and Level Annotations

Branches:
Dungeon (2/15)

Altars:
Ashenzari
Gozag
Hepliaklqana
Nemelex Xobeh
Qazlal
Ru
Sif Muna
Uskayaw
Vehumet
Yredelemnul
The Shining One

Annotations:
D:2 Crazy Yiuf


Innate Abilities, Weirdness & Mutations

Your plain brown scales are hard. (AC +5)
You cannot fit into any form of body armour.
You are cold-blooded and may be slowed by cold attacks.


Message History

You climb upwards.
There is a stone staircase leading down here.
Eat a chunk of flesh? (ye/n/q)
You eat the chunk of flesh.
This raw flesh tastes terrible.
Casting: Shroud of Golubria
Confirm with . or Enter, or press ? or * to list all spells.
Space distorts slightly along a thin shroud covering your body.
This spell is slightly dangerous to cast.
Memorise Regeneration, consuming 3 spell levels and leaving 3?
You start memorising the spell.
You continue memorising. x3
You finish memorising.
Spell assigned to 'c'.
Casting: Shroud of Golubria
Confirm with . or Enter, or press ? or * to list all spells.
You begin infusing your attacks with magical energy.
You climb downwards.
Level annotation: Crazy Yiuf Crazy Yiuf hits you with a quarterstaff of chaos!
* * * LOW HITPOINT WARNING * * *
You feel drained.
You die...

#.......#.##......)#......#
#####...........##.#...#.######
#..........###.#.#.........
#.....###### #.#.#..######.
#.....# #..........##.
#.....########...#...#..##. #
#...............###.###.##. #
#....###..g......#...#..##. #
#....# #..@........_....##. #
#....# #.........#...#..##. #
#....# ###......###.###.... #
###### ###.##..#..[#...## ###
#.............# ..#
###....######## ..# ###### ..#
..#


You could see Crazy Yiuf.

Vanquished Creatures
  Sigmund (D:2)
  Jessica (D:2)
  A gnoll (D:1)
  3 worms (D:2)
  A dart slug (D:1)
  A goblin (D:1)
  10 hobgoblins
  A jackal (D:1)
  3 bats (D:2)
  2 frilled lizards
  4 kobolds
  2 rats
30 creatures vanquished.

Notes
Turn   | Place    | Note
-------+----------+-------------------------------------------
     0 | D:1      | renl the Draconian Skald began the quest for the Orb.
     0 | D:1      | Reached XP level 1. HP: 17/17 MP: 3/3
   333 | D:1      | Reached XP level 2. HP: 17/24 MP: 5/5
   338 | D:1      | Learned a level 2 spell: Shroud of Golubria
   616 | D:2      | Found a radiant altar of Vehumet.
   661 | D:2      | Found a stormy altar of Qazlal.
   661 | D:2      | Found an opulent altar of Gozag.
   676 | D:2      | Found a deep blue altar of Sif Muna.
   718 | D:2      | Found a hazy altar of Hepliaklqana.
   718 | D:2      | Found a hide-covered altar of Uskayaw.
   718 | D:2      | Found a basalt altar of Yredelemnul.
   718 | D:2      | Found a glowing golden altar of the Shining One.
   719 | D:2      | Found a sacrificial altar of Ru.
   720 | D:2      | Found a sparkling altar of Nemelex Xobeh.
   722 | D:2      | Found a shattered altar of Ashenzari.
   739 | D:2      | Became a worshipper of Ashenzari the Shackled
   762 | D:2      | Noticed Sigmund
   763 | D:2      | Reached XP level 3. HP: 30/30 MP: 3/6
   783 | D:2      | Killed Sigmund
   783 | D:2      | Reached skill level 3 in Maces & Flails
   783 | D:2      | Reached XP level 4. HP: 8/37 MP: 0/7
   783 | D:2      | Reached XP level 5. HP: 9/42 MP: 0/8
   808 | D:2      | Noticed Jessica
   825 | D:2      | Killed Jessica
   825 | D:2      | Reached skill level 4 in Maces & Flails
  1260 | D:2      | Found a runed door.
  1316 | D:2      | Noticed Crazy Yiuf
  1343 | D:2      | HP: 2/42 [Crazy Yiuf/quarterstaff of chaos (5)]
  1433 | D:1      | Learned a level 3 spell: Regeneration
  1435 | D:2      | HP: 2/42 [Crazy Yiuf/quarterstaff of chaos (13)]
  1435 | D:2      | Slain by Crazy Yiuf

Skill      XL: |  1  2  3  4  5 |
---------------+----------------+-----
Charms         | 3 |  3.3
Maces & Flails | 3 4 |  4.2
Fighting       | |  2.7
Dodging        | |  2.9
Stealth        | |  0.4
Spellcasting   | |  2.6

Action                   |  1- 3 |  4- 6 || total
-------------------------+-------+-------++-------
Melee: Whip              |    76 |    55 ||   131
       Tailslap          |     9 |     9 ||    18
       Mace              |     2 |       ||     2
 Cast: Infusion          |     5 |     8 ||    13
       Shroud of Golubri |     1 |     7 ||     8
  Use: Scroll            |     2 |       ||     2
 Stab: Sleeping          |       |     1 ||     1
  Eat: Chunk             |       |     3 ||     3
Armor: Skin              |    18 |    15 ||    33
Dodge: Dodged            |    40 |    29 ||    69
Block: Other             |     3 |     7 ||    10
